 Dungeon Sprint DCSS version 0.20.1-1-g8b1a95d (console) character file.

14 hilaritas the Skirmisher (level 3, -12/31 HPs)
             Began as a Demonspawn Fighter on Mar 22, 2018.
             Was a Follower of Uskayaw.
             Mangled by a hell rat (13 damage)
             ... in the Dungeon (Sprint VI: "Thunderdome").
             The game lasted 00:02:17 (211 turns).

hilaritas the Skirmisher (Demonspawn Fighter)        Turns: 211, Time: 00:02:18

Health: -12/31     AC:  8    Str: 22    XL:     3   Next: 87%
Magic:  6/6        EV:  7    Int:  9    God:    Uskayaw [*.....]
Gold:   5          SH:  9    Dex: 12    Spells: 2/2 levels left

rFire    . . .     SeeInvis .   a - +0 flail
rCold    . . .     Gourm    .   c - +0 shield
rNeg     . . .     Faith    .   b - +0 scale mail
rPois    .         Spirit   .   (no helmet)
rElec    .         Reflect  .   (no cloak)
rCorr    .         Harm     .   (no gloves)
MR       .....     NoTele   +   (no boots)
Stlth    ..........             (no amulet)
Regen    0.1/turn               (no ring)
MPRegen  0.1/turn               (no ring)

@: mighty, drained
A: hooves 1, molten scales 1
a: Stomp, Renounce Religion


You were in the Dungeon.
You worshipped Uskayaw.
Uskayaw was noncommittal.
You were not hungry.

You visited 1 branch You collected 200 gold pieces.
You spent 195 gold pieces at shops.

Inventory:

Hand Weapons
 a - a +0 flail (weapon)
Armour
 b - a +0 scale mail (worn)
 c - a +0 shield (worn)
Jewellery
 p - the amulet of Zioffes {Spirit Fragile rN+ Dex+5, unknown}
   (You bought it in a shop in the Dungeon)

   [amulet of guardian spirit]

   It causes incoming damage to be split between your health and magic.
   It affects your dexterity (+5).
   It protects you from negative energy.
   It will be destroyed if unequipped.
Wands
 m - a wand of acid (5/15)
 n - a wand of iceblast (5/15)
Scrolls
 k - 4 scrolls of blinking
 o - 3 scrolls of fog
 q - 3 scrolls of identify
Potions
 g - 2 potions of heal wounds
 h - 4 potions of haste
 i - 2 potions of magic
 j - a potion of berserk rage
 l - a potion of resistance
Comestibles
 f - a bread ration
 r - a chunk of flesh


   Skills:
 + Level 4.6(3.8) Fighting
 * Level 4.5(3.8) Maces & Flails
 - Level 2.6(1.9) Armour
 + Level 4.0(3.2) Shields
 * Level 4.3(3.6) Invocations


You had 2 spell levels left.
You didn't know any spells.

Dungeon Overview and Level Annotations

Branches:
Dungeon (1/1)

Altars:
Cheibriados
Dithmenos
Fedhas
Gozag
Kikubaaqudgha
Makhleb
Okawaru
Qazlal
Ru
Sif Muna
Trog
Uskayaw
Vehumet
Xom
Yredelemnul
Zin
The Shining One
Beogh
Jiyva
Lugonu

Shops:
D *[%??*?*:[((!!!!

Annotations:
D Purgy


Innate Abilities, Weirdness & Mutations

You have large cloven feet.
You are partially covered in molten scales. (AC +2)


Message History

You closely miss the quokka. You kick the quokka.
You kill the quokka!
The hell rat bites you but does no damage.
Your shield and scale mail prevent you from hitting the hell rat.
You kick the hell rat, but do no damage.
The hell rat bites you!
You feel drained.
* * * LOW HITPOINT WARNING * * *
You block the hell rat's attack.
Unknown command.
You feel much better.
The hell rat bites you but does no damage.
You hit the hell rat. Your kick misses the hell rat.
The hell rat is lightly wounded.
The hell rat bites you!
You feel drained.
Unknown command.
You feel very mighty all of a sudden. The hell rat bites you!
* * * LOW HITPOINT WARNING * * *
The hell rat bites you!
You die...

#_........# #_......._#
###.........### #⌠...........⌠#
######.8.........8.######
##∩___......###......___∩##
###∩........8.# #.8........∩###
#.............###.............##
⌠..........###...###..........§#
⌠..........# #.<.# #........$.§#
⌠..........###..@###..........§#
#.............###rrr..........##
###∩........8.# #T8..†.....∩###
##∩.__......###......___∩##
######.8.........8.######
#⌠..........†⌠# ###.........###
#_........# #_......._#
#........_# #∩.......∩#


You could see Purgy, a hell rat and 2 river rats.

Vanquished Creatures
  A scorpion (D)
  2 worms (D)
  3 giant cockroaches (D)
  A quokka (D)
7 creatures vanquished.

Notes
Turn   | Place    | Note
-------+----------+-------------------------------------------
     0 | D        | hilaritas the Demonspawn Fighter began the quest for the Orb.
     0 | D        | Reached XP level 1. HP: 18/18 MP: 1/1
     1 | D        | Found a snail-covered altar of Cheibriados.
     1 | D        | Found an ancient bone altar of Kikubaaqudgha.
     2 | D        | Found an opulent altar of Gozag.
     3 | D        | Found a shimmering altar of Xom.
     3 | D        | Found a viscous altar of Jiyva.
     4 | D        | Found a deep blue altar of Sif Muna.
     4 | D        | Found a glowing silver altar of Zin.
     4 | D        | Found Wicau's Staff Store.
     4 | D        | Found Zidaas's Magic Scroll Shop.
     5 | D        | Found a stormy altar of Qazlal.
     5 | D        | Found Jacautye's Must-Have Magic.
     5 | D        | Found Lipreree's Magic Scroll Shop.
     5 | D        | Round 1.
    21 | D        | Found a shadowy altar of Dithmenos.
    25 | D        | Found a burning altar of Makhleb.
    25 | D        | Found a glowing golden altar of the Shining One.
    25 | D        | Found Geazoo's Bee Food.
    25 | D        | Found Lazogyho's Jewellery.
    26 | D        | Found Ogistom's Advanced Armour.
    31 | D        | Found Orchurph's Identification Station.
    31 | D        | Found a corrupted altar of Lugonu.
    31 | D        | Found a bloodstained altar of Trog.
    32 | D        | Bought a steaming emerald amulet for 45 gold pieces
    39 | D        | Bought 3 scrolls of identify for 150 gold pieces
    42 | D        | Found a radiant altar of Vehumet.
    44 | D        | Found a roughly hewn altar of Beogh.
    44 | D        | Found Utean's Premium Goods.
    44 | D        | Found Jixtydu's Miscellaneous Merchandise.
    45 | D        | Found Gawocs's Basic Armour.
    50 | D        | Found Dubbyliaff's Weapon Rack.
    50 | D        | Found a hide-covered altar of Uskayaw.
    50 | D        | Found a basalt altar of Yredelemnul.
    58 | D        | Became a worshipper of Uskayaw the Reveler
    61 | D        | Found a sacrificial altar of Ru.
    64 | D        | Reached * piety under Uskayaw
    66 | D        | Reached skill level 1 in Invocations
    66 | D        | Reached ** piety under Uskayaw
    69 | D        | Found a blossoming altar of Fedhas.
    69 | D        | Found an iron altar of Okawaru.
    69 | D        | Found Irrehemi's Do-It-Yourself Clinic.
    69 | D        | Found Jogoschucw's Bottled Wisdom.
    70 | D        | Found Berphe Oklo's Distillery.
    74 | D        | Found Huegaat's Distillery.
    76 | D        | Reached *** piety under Uskayaw
    79 | D        | Gained mutation: You have large cloven feet. [demonic ancestry]
    79 | D        | Reached XP level 2. HP: 16/24 MP: 3/3
    79 | D        | Reached **** piety under Uskayaw
   124 | D        | Noticed a scorpion
   133 | D        | Killed a scorpion
   133 | D        | Arena points: 14 (+14) [x2]
   133 | D        | Gained mutation: You are partially covered in molten scales. (AC +2) [demonic ancestry]
   133 | D        | Reached XP level 3. HP: 12/31 MP: 3/6
   190 | D        | Round 2.
   190 | D        | Noticed Purgy
   211 | D        | HP: 1/31 [hell rat (11)]
   211 | D        | Mangled by a hell rat

Skill      XL: |  1  2 |
---------------+-------+-----
Maces & Flails | 2 4 |  4.5
Invocations    | 2 4 |  4.3
Shields        | 3 4 |  4.0
Fighting       | 4 |  4.6
Armour         | |  2.6

Action                   || total
-------------------------++-------
Melee: Flail             ||    30
       Kick              ||     6
  Use: Potion            ||     4
 Stab: Paralysed         ||     1
Armor: Scale mail        ||     7
Dodge: Dodged            ||     3
Block: Shield            ||    16
